 Dungeon Crawl Stone Soup version 0.28.0-47-ge53b351184 (webtiles) character file.

Game seed: 7083877601450721740

75 croobank the Stinger (level 4, 0/32 HPs)
             Began as a Gnoll Venom Mage on May 8, 2022.
             Frozen to death by an endoplasm (5 damage)
             ... on level 3 of the Dungeon.
             The game lasted 00:08:28 (3329 turns).

croobank the Stinger (Gnoll Venom Mage)             Turns: 3329, Time: 00:08:29

Health: 0/32       AC:  2    Str:  8    XL:     4   Next: 31%
Magic:  11/11      EV: 13    Int: 16    God:
Gold:   176        SH:  0    Dex: 12    Spells: 10/13 levels left

rFire   . . .      SeeInvis .   f - +0 quarterstaff (venom)
rCold   . . .      Faith    .   (shield currently unavailable)
rNeg    . . .      Spirit   .   a - +0 robe
rPois   .          Reflect  .   (no helmet)
rElec   .          Harm     .   (no cloak)
rCorr   .          Rampage  .   (no gloves)
Will    .....                   (no boots)
Stlth   ++........              (no amulet)
HPRegen 0.10/turn               (no ring)
MPRegen 0.12/turn               (no ring)

@: no status effects
A: fangs 1, strong nose, distributed training
a: no special abilities


You were on level 3 of the Dungeon.
You visited 1 branch of the dungeon, and saw 3 of its levels.

You collected 176 gold pieces.

Inventory:

Hand Weapons
 b - a +0 hunting sling
 e - a +0 dagger
 f - a +0 quarterstaff of venom (weapon)
Missiles
 g - 82 stones
 i - 6 atropa-tipped darts (quivered)
 j - 63 arrows
 t - 18 sling bullets
Armour
 a - a +0 robe (worn)
 c - a +1 leather armour
 l - a +0 ring mail
Scrolls
 d - a scroll of blinking
Potions
 k - a potion of curing
 m - a potion of heal wounds
 n - a potion of attraction
 o - a potion of brilliance


   Skills:
 + Level 1.1 Fighting
 + Level 1.1 Short Blades
 + Level 1.1 Long Blades
 + Level 1.1 Axes
 + Level 1.1 Maces & Flails
 + Level 1.1 Polearms
 + Level 1.1 Staves
 + Level 1.1 Slings
 + Level 1.1 Bows
 + Level 1.1 Crossbows
 + Level 1.1 Throwing
 + Level 1.1 Armour
 + Level 4.6 Dodging
 + Level 4.2 Stealth
 + Level 1.1 Shields
 + Level 1.1 Unarmed Combat
 + Level 5.0 Spellcasting
 + Level 0.8 Conjurations
 + Level 0.8 Hexes
 + Level 0.8 Summonings
 + Level 0.8 Necromancy
 + Level 0.8 Translocations
 + Level 2.2 Transmutations
 + Level 0.8 Fire Magic
 + Level 0.8 Ice Magic
 + Level 0.8 Air Magic
 + Level 0.8 Earth Magic
 + Level 5.4 Poison Magic
 + Level 1.2 Invocations
 + Level 1.1 Evocations


You had 10 spell levels left.
You knew the following spells:

 Your Spells              Type           Power      Damage    Failure   Level
a - Sting                 Tmut/Pois      64%        1d6       3%          1
b - Poisonous Vapours     Pois/Air       28%        N/A       6%          2

Your spell library contained the following spells:

 Spells                   Type           Power      Damage    Failure   Level
 Animate Skeleton         Necr           12%        N/A       11%         1
 Pain                     Necr           24%        1d5       11%         1
 Olgreb's Toxic Radiance  Pois           21%        N/A       16%         4
 Mephitic Cloud           Conj/Pois/Air  11%        N/A       17%         3
 Vampiric Draining        Necr           6%         2d6       32%         3


Dungeon Overview and Level Annotations

Branches:
Dungeon (3/15)

Altars:


Innate Abilities, Weirdness & Mutations

You have very sharp teeth.
Your uncanny sense of smell can sniff out nearby items.
Your experience applies equally to all skills.


Message History

Found 2 poisoned darts.
You now have 176 gold pieces (gained 10).
You see here 2 poisoned darts.
You open the door.
A gnoll comes into view.
It is wielding a +0 flail. 2 gnolls come into view.
The gnoll shouts! x2; You hear a shout!
A gnoll comes into view. It is wielding a +0 whip.
The gnoll shouts!
There is an open door here.
The gnoll hits you with a +0 flail.
You hit the gnoll.
The gnoll is lightly wounded.
The gnoll completely misses you.
You hit the gnoll.
The gnoll is moderately wounded.
The gnoll hits you from afar with a +0 spear.
The gnoll hits you with a +0 flail. The gnoll hits you with a +0 whip.
You thump the gnoll! Your bite misses the gnoll.
The gnoll is almost dead.
The gnoll closely misses you. The gnoll hits you with a +0 flail!
* * * LOW HITPOINT WARNING * * *
The gnoll misses you. The gnoll barely misses you.
The gnoll hits you with a +0 whip.
* * * LOW HITPOINT WARNING * * *
As you read the scroll of fear, it crumbles to dust.
You assume a fearsome visage.
The gnoll looks frightened! x4
An endoplasm comes into view.
The endoplasm quivers.
Casting: Sting (safe; 3% risk of failure)
Confirm with . or Enter, or press ? or * to list all spells.
Aiming: Sting (safe; 3% risk of failure)
Press: ? - help, Shift-Dir - straight line, f - endoplasm
Aim: an endoplasm (98% to hit)
Okay, then.
You hit the endoplasm.
The endoplasm is poisoned.
The endoplasm is moderately wounded.
The endoplasm freezes you.
You are frozen.
You die...

#.###..#
...#.#
#.....
...#.#
#.#####
..#.# #..
..#.#######
#.#........
#.#..######
#######J#..#
.......@...#
.######....#
######


You could see an endoplasm (very poisoned).

Vanquished Creatures
  An adder (D:2)
  2 worms (D:2)
  7 bats
  6 endoplasms
  2 giant cockroaches
  10 goblins
  3 hobgoblins
  3 quokkas
  5 ball pythons
  5 frilled lizards
  7 kobolds
  4 rats
55 creatures vanquished.

Vanquished Creatures (others)
  A plant (D:1)
1 creature vanquished.

Grand Total: 56 creatures vanquished

Notes
Turn   | Place    | Note
-------+----------+-------------------------------------------
     0 | D:1      | croobank the Gnoll Venom Mage began the quest for the Orb.
     0 | D:1      | Reached XP level 1. HP: 13/13 MP: 6/6
   577 | D:1      | Reached XP level 2. HP: 16/19 MP: 5/7
   581 | D:1      | Learned a level 2 spell: Poisonous Vapours
  1533 | D:2      | Reached XP level 3. HP: 24/25 MP: 3/9
  1606 | D:2      | Reached skill level 5 in Spellcasting
  2008 | D:2      | Found a faded altar of an unknown god.
  2034 | D:2      | Reached skill level 1 in Invocations
  2037 | D:2      | HP: 1/25 [worm (11)]
  2345 | D:2      | Reached skill level 1 in Fighting
  2345 | D:2      | Reached skill level 1 in Short Blades
  2345 | D:2      | Reached skill level 1 in Long Blades
  2345 | D:2      | Reached skill level 1 in Axes
  2345 | D:2      | Reached skill level 1 in Maces & Flails
  2345 | D:2      | Reached skill level 1 in Polearms
  2345 | D:2      | Reached skill level 1 in Staves
  2345 | D:2      | Reached skill level 1 in Slings
  2345 | D:2      | Reached skill level 1 in Bows
  2345 | D:2      | Reached skill level 1 in Crossbows
  2345 | D:2      | Reached skill level 1 in Throwing
  2345 | D:2      | Reached skill level 1 in Armour
  2345 | D:2      | Reached skill level 1 in Shields
  2345 | D:2      | Reached skill level 1 in Unarmed Combat
  2345 | D:2      | Reached skill level 1 in Evocations
  2357 | D:2      | Reached XP level 4. HP: 24/32 MP: 1/11
  3329 | D:3      | Frozen to death by an endoplasm

Illustrated notes

Levels and vault maps discovered:
D:1:      denvon_arrival_planthouse, layout_loops_ring
D:2:      layout_rooms, hellmonk_ecumenical_altar_zigzags
D:3:      layout_basic

Skill      XL: |  1  2  3 |
---------------+----------+-----
Transmutations | 2 |  2.2
Spellcasting   | 5 |  5.0
Invocations    | 1 |  1.2
Fighting       | 1 |  1.1
Short Blades   | 1 |  1.1
Long Blades    | 1 |  1.1
Axes           | 1 |  1.1
Maces & Flails | 1 |  1.1
Polearms       | 1 |  1.1
Staves         | 1 |  1.1
Slings         | 1 |  1.1
Bows           | 1 |  1.1
Crossbows      | 1 |  1.1
Throwing       | 1 |  1.1
Armour         | 1 |  1.1
Shields        | 1 |  1.1
Unarmed Combat | 1 |  1.1
Evocations     | 1 |  1.1
Dodging        | |  4.6
Stealth        | |  4.2
Conjurations   | |  0.8
Hexes          | |  0.8
Summonings     | |  0.8
Necromancy     | |  0.8
Translocations | |  0.8
Fire Magic     | |  0.8
Ice Magic      | |  0.8
Air Magic      | |  0.8
Earth Magic    | |  0.8
Poison Magic   | |  5.4

Action                   |  1- 3 |  4- 6 || total
-------------------------+-------+-------++-------
Melee: Quarterstaff      |    47 |    21 ||    68
       Unarmed           |     8 |       ||     8
       Bite              |     5 |     1 ||     6
Throw: Dart              |     1 |       ||     1
 Cast: Sting             |    32 |     5 ||    37
       Poisonous Vapours |    22 |    11 ||    33
  Use: Scroll            |     3 |     9 ||    12
       Potion            |     1 |       ||     1
 Stab: Sleeping          |       |     1 ||     1
Armor: Robe              |     7 |     3 ||    10
Dodge: Dodged            |    30 |    17 ||    47
